Blackhawks vs Devils

Created - 6 décembre 2023 at 19:24

Goals
1 2 3 T
Blackhawks 0 1 0 1
Devils 1 0 2 3
Shots
1 2 3 T
Blackhawks 12 19 13 44
Devils 12 11 8 31

GoalsPenalties
1st period
1. Devils , Erik Haula 5 (Jesper Bratt 12, Johnathan Kovacevic 4) at 1:37
Tanner Jeannot (CHI) for High sticking (Minor) at 3:01
Eetu Luostarinen (NJD) for Hooking (Minor) at 17:51
2nd period
2. Blackhawks , Gabriel Vilardi 5 (John Marino 10, Tanner Jeannot 6) at 10:25
No Penalty
3rd period
3. Devils , Morgan Frost 4 (Teuvo Teravainen 14) at 1:05
4. Devils , Erik Haula 6 (Johnathan Kovacevic 5) at 19:20 (Empty Net)
No Penalty
Goalie Stats
Jacob Markstrom (CHI), 28 saves from 30 shots - (0,933), L, 15-16-2, 59:40 minutes
Stuart Skinner (NJD), 43 saves from 44 shots - (0,977), W, 20-4-5, 60:00 minutes
3 StarsOfficial
1 - Stuart Skinner (NJD)
2 - Erik Haula (NJD)
3 - Morgan Frost (NJD)
Referees : Kelly Cooke and Frederick L'Ecuyer
Linesman : Caleb Apperson and Jonathan Deschamps
Game Note
Erik Haula has scored in a empty net!
Finance
Level 1 -- Attendance: 4563 (76%) -- Ticket Income $456,300
Level 2 -- Attendance: 3564 (71%) -- Ticket Income $213,840
Level 3 -- Attendance: 2279 (75%) -- Ticket Income $91,160
Level 4 -- Attendance: 3356 (84%) -- Ticket Income $67,120
Luxury Box -- Attendance: 945 (95%) -- Ticket Income $189,000
Game was played at the Continental Airlines Arena.
Total Attendance: 14707 (77%)
Total Ticket Income: $1,017,420
Other Income: $305,226
Total Income: $1,322,646



Team Name Goals Shots Shots Attemp Shots Blocked PIM HIT PP PK FO%
Blackhawks 14479132150 / 1 (0%)043%
Devils 33160172190 / 1 (0%)057%

Blackhawks
Player Name POS G A P +/- PIM HIT SHT SB MP PP MP PP SHT PK MP PK SHT FO% FOT GA TA
Alex TuchLW/RW000-2017121:280:5511:0900% 010
Alexandre CarrierD000-1001314:020:0000:0000% 011
Brett PesceD000-1021225:541:1701:0700% 001
Carson SoucyD000-1020315:370:4200:5200% 001
Cole SillingerC000001206:350:0000:00029% 700
Erik CernakD0000010018:290:0000:0000% 002
Gabriel VilardiC/RW1011006012:020:0000:48040% 1010
Ivan BarbashevC/LW000-1002020:540:5501:11075% 400
Jack EichelC000-1003019:450:5500:00038% 1301
John MarinoD0110011220:040:4200:5200% 001
Klim KostinLW/RW000001106:350:0000:0000% 100
Miles WoodLW000000306:350:0000:0000% 000
Nathan MacKinnonC000-2023020:271:0400:00048% 2700
Nicolas DeslauriersLW/RW0001020011:390:0000:2500% 100
Nikita KucherovRW000-2017120:271:0410:00050% 200
Noah HanifinD000-1005125:541:1721:0700% 010
Tanner JeannotLW/RW0111212011:130:0000:000100% 100
Valeri NichushkinLW/RW000-1000020:201:0400:2500% 112
Devils
Player Name POS G A P +/- PIM HIT SHT SB MP PP MP PP SHT PK MP PK SHT FO% FOT GA TA
Eetu LuostarinenC/LW0002210016:350:0000:0000% 101
Erik HaulaC/LW2022032117:040:0000:58060% 2000
Filip ChytilC/LW000-1000016:460:5600:0000% 010
Gustav ForslingD0000023220:020:5300:5800% 010
Henri JokiharjuD0000000317:500:0000:0000% 001
Isac LundestromC/LW0001010010:360:0001:0100% 000
Jesper BrattLW/RW0111003117:071:0300:000100% 110
Johnathan KovacevicD0221002119:360:0000:5800% 000
Logan CoutureC0000022016:411:0300:58055% 1130
Morgan FrostC101101209:260:0000:00050% 802
Peyton KrebsC/LW000000000:000:0000:0000% 000
Roope HintzC000-1033017:470:5601:01060% 2510
Ryan PulockD0001020321:110:4001:0100% 000
Teuvo TeravainenLW/RW0112013023:090:0000:0000% 000
Torey KrugD0001000319:421:0600:0000% 000
Tyler SeguinC/RW000-1004116:510:5600:0000% 000
Victor HedmanD0001033121:541:1901:0100% 001
Viktor ArvidssonLW/RW0000004115:431:0310:0000% 120

Blackhawks

5 vs 5 Forward
Line #Left WingCenterRight WingPHYDFOFWanted %Time %Time Play
1Ivan BarbashevNathan MacKinnonNikita Kucherov0234134%18:50
2Valeri NichushkinJack EichelAlex Tuch0233534%18:50
3Nicolas DeslauriersGabriel VilardiTanner Jeannot1221920%11:13
4Miles WoodCole SillingerKlim Kostin122512%6:35
5 vs 5 Defense
Line #DefenseDefensePHYDFOFWanted %Time %Time Play
1Noah HanifinBrett Pesce0324039%21:35
2John MarinoErik Cernak0323433%18:30
3Carson SoucyAlexandre Carrier0322025%14:02
4Noah HanifinBrett Pesce03262%1:21
Power Play Forward
Line #Left WingCenterRight WingPHYDFOFWanted %Time %Time Play
1Valeri NichushkinNathan MacKinnonNikita Kucherov0056054%1:04
2Ivan BarbashevJack EichelAlex Tuch0054046%0:55
Power Play Defense
Line #DefenseDefensePHYDFOFWanted %Time %Time Play
1Noah HanifinBrett Pesce0146065%1:17
2John MarinoCarson Soucy0144035%0:42
Penalty Kill 4 Players Forward
Line #CenterWingPHYDFOFWanted %Time %Time Play
1Tanner JeannotAlex Tuch1406079%1:34
2Ivan BarbashevValeri Nichushkin1404021%0:25
Penalty Kill 4 Players Defense
Line #DefenseDefensePHYDFOFWanted %Time %Time Play
1Noah HanifinBrett Pesce1406056%1:07
2John MarinoCarson Soucy1404044%0:52
Penalty Kill 3 Players
Line #WingPHYDFOFWanted %Time %Time PlayDefenseDefensePHYDFOFWanted %Time %Time Play
1Tanner Jeannot050600%0:00 Noah HanifinBrett Pesce050600%0:00
2Alex Tuch050400%0:00 John MarinoCarson Soucy050400%0:00
4 vs 4 Forward
Line #CenterWingPHYDFOFWanted %Time %Time Play
1Nathan MacKinnonNikita Kucherov014600%0:00
2Jack EichelAlex Tuch014400%0:00
4 vs 4 Defense
Line #DefensePHYDFOFWanted %Time %Time Play
1Noah HanifinBrett Pesce032600%0:00
2John MarinoCarson Soucy032400%0:00
Last Minutes Offensive
Left WingCenterRight WingDefenseDefense
Alex TuchNathan MacKinnonNikita KucherovNoah HanifinBrett Pesce
Last Minutes Defensive
Left WingCenterRight WingDefenseDefense
Alex TuchNathan MacKinnonNikita KucherovNoah HanifinBrett Pesce
Time
Total ForwardTotal DefenseLast Minutes OffensiveLast Minutes Defensive
60:00 60:00 0:340:00
Extra Forwards
Normal PowerPlayPenalty Kill
Ivan Barbashev, Jack Eichel, Tanner JeannotIvan Barbashev, Jack EichelIvan Barbashev
Extra Defensemen
Normal PowerPlayPenalty Kill
Carson Soucy, Erik Cernak, Alexandre CarrierCarson Soucy, Carson SoucyErik Cernak
Penalty Shots
Nathan MacKinnon, Nikita Kucherov, Alex Tuch, Jack Eichel, Ivan Barbashev
Goalie
Jacob Markstrom, Jake Allen
Scratches
Jordan Harris (Healthy)

Devils

5 vs 5 Forward
Line #Left WingCenterRight WingPHYDFOFWanted %Time %Time Play
1Teuvo TeravainenLogan CoutureViktor Arvidsson0232826%14:40
2Filip ChytilRoope HintzTyler Seguin0232829%15:50
3Eetu LuostarinenErik HaulaJesper Bratt0232828%15:32
4Isac LundestromMorgan FrostTeuvo Teravainen0231617%9:26
5 vs 5 Defense
Line #DefenseDefensePHYDFOFWanted %Time %Time Play
1Victor HedmanRyan Pulock0323635%19:34
2Gustav ForslingHenri Jokiharju0323232%17:56
3Torey KrugJohnathan Kovacevic0323232%17:58
4Victor HedmanRyan Pulock03200%0:00
Power Play Forward
Line #Left WingCenterRight WingPHYDFOFWanted %Time %Time Play
1Filip ChytilRoope HintzTyler Seguin0055047%0:56
2Jesper BrattLogan CoutureViktor Arvidsson0055053%1:03
Power Play Defense
Line #DefenseDefensePHYDFOFWanted %Time %Time Play
1Torey KrugVictor Hedman0055055%1:06
2Gustav ForslingVictor Hedman0055045%0:53
Penalty Kill 4 Players Forward
Line #CenterWingPHYDFOFWanted %Time %Time Play
1Logan CoutureErik Haula0505049%0:58
2Roope HintzEetu Luostarinen0055051%1:01
Penalty Kill 4 Players Defense
Line #DefenseDefensePHYDFOFWanted %Time %Time Play
1Victor HedmanRyan Pulock0505051%1:01
2Gustav ForslingJohnathan Kovacevic0505049%0:58
Penalty Kill 3 Players
Line #WingPHYDFOFWanted %Time %Time PlayDefenseDefensePHYDFOFWanted %Time %Time Play
1Erik Haula050500%0:00 Victor HedmanRyan Pulock050500%0:00
2Eetu Luostarinen050500%0:00 Gustav ForslingJohnathan Kovacevic050500%0:00
4 vs 4 Forward
Line #CenterWingPHYDFOFWanted %Time %Time Play
1Logan CoutureViktor Arvidsson023500%0:00
2Roope HintzTyler Seguin023500%0:00
4 vs 4 Defense
Line #DefensePHYDFOFWanted %Time %Time Play
1Victor HedmanRyan Pulock032500%0:00
2Gustav ForslingTorey Krug032500%0:00
Last Minutes Offensive
Left WingCenterRight WingDefenseDefense
Jesper BrattLogan CoutureViktor ArvidssonVictor HedmanTorey Krug
Last Minutes Defensive
Left WingCenterRight WingDefenseDefense
Eetu LuostarinenErik HaulaTeuvo TeravainenVictor HedmanRyan Pulock
Time
Total ForwardTotal DefenseLast Minutes OffensiveLast Minutes Defensive
60:00 60:00 0:000:34
Extra Forwards
Normal PowerPlayPenalty Kill
Tyler Seguin, Jesper Bratt, Viktor ArvidssonTeuvo Teravainen, Eetu LuostarinenIsac Lundestrom
Extra Defensemen
Normal PowerPlayPenalty Kill
Torey Krug, Henri Jokiharju, Victor HedmanRyan Pulock, Henri JokiharjuTorey Krug
Penalty Shots
Jesper Bratt, Roope Hintz, Logan Couture, Tyler Seguin, Viktor Arvidsson
Goalie
Stuart Skinner, Elvis Merzlikins
Scratches
None


Play-by-Play

1st period


0:01 of 1st period - Nathan MacKinnon wins face-off versus Viktor Arvidsson in neutral zone.
0:14 of 1st period - Slapshot by Nikita Kucherov.
0:14 of 1st period - Shot Misses the Net.
0:26 of 1st period - Noah Hanifin is hit by Ryan Pulock and loses puck.
0:35 of 1st period - Slapshot by Gustav Forsling.
0:35 of 1st period - Stopped by Jacob Markstrom with a rebound.
0:37 of 1st period - Slapshot by Gustav Forsling.
0:37 of 1st period - Stopped by Jacob Markstrom with a rebound.
0:51 of 1st period - Slapshot by Tanner Jeannot.
0:51 of 1st period - Stopped by Stuart Skinner without a rebound.
0:52 of 1st period - Gabriel Vilardi wins face-off versus Morgan Frost in Devils zone.
1:01 of 1st period - Slapshot by Gabriel Vilardi.
1:01 of 1st period - Stopped by Stuart Skinner without a rebound.
1:02 of 1st period - Ivan Barbashev wins face-off versus Morgan Frost in Devils zone.
1:05 of 1st period - Wrist shot by Nathan MacKinnon.
1:05 of 1st period - Shot Misses the Net.
1:07 of 1st period - Backhand shot by John Marino.
1:07 of 1st period - Deflect By Ivan Barbashev.
1:07 of 1st period - Stopped by Stuart Skinner with a rebound.
1:09 of 1st period - Slapshot by Erik Cernak.
1:09 of 1st period - Shot Blocked by Johnathan Kovacevic.
1:35 of 1st period - Snap shot by Jesper Bratt.
1:35 of 1st period - Shot Blocked by Carson Soucy.
1:37 of 1st period - Wrist shot by Erik Haula.
1:37 of 1st period - Goal by Erik Haula - Blackhawks : 0 - Devils : 1.
1:38 of 1st period - Roope Hintz wins face-off versus Cole Sillinger in neutral zone.
2:12 of 1st period - Wrist shot by Alex Tuch.
2:12 of 1st period - Stopped by Stuart Skinner with a rebound.
2:37 of 1st period - Wrist shot by Jesper Bratt.
2:37 of 1st period - Stopped by Jacob Markstrom without a rebound.
2:38 of 1st period - Gabriel Vilardi wins face-off versus Logan Couture in Blackhawks zone.
3:01 of 1st period - Minor Penalty to Tanner Jeannot for High sticking.
3:02 of 1st period - Ivan Barbashev wins face-off versus Roope Hintz in Blackhawks zone.
3:07 of 1st period - Alex Tuch is hit by Victor Hedman and loses puck.
3:48 of 1st period - John Marino is hit by Logan Couture and loses puck.
3:57 of 1st period - Wrist shot by Viktor Arvidsson.
3:57 of 1st period - Stopped by Jacob Markstrom without a rebound.
3:58 of 1st period - Roope Hintz wins face-off versus Gabriel Vilardi in Blackhawks zone.
5:01 of 1st period - Penalty to Tanner Jeannot is over, Tanner Jeannot is back on ice.
5:27 of 1st period - Erik Cernak is hit by Erik Haula and loses puck.
5:51 of 1st period - Isac Lundestrom is hit by Brett Pesce and loses puck.
6:34 of 1st period - Snap shot by Nikita Kucherov.
6:34 of 1st period - Shot Misses the Net.
7:16 of 1st period - Icing by Erik Haula.
7:17 of 1st period - Erik Haula wins face-off versus Nathan MacKinnon in Devils zone.
7:44 of 1st period - Viktor Arvidsson is hit by Nicolas Deslauriers and loses puck.
8:23 of 1st period - Snap shot by Jack Eichel.
8:23 of 1st period - Shot Misses the Net.
8:39 of 1st period - Wrist shot by Nikita Kucherov.
8:39 of 1st period - Shot Misses the Net.
8:41 of 1st period - Snap shot by Nathan MacKinnon.
8:41 of 1st period - Stopped by Stuart Skinner without a rebound.
8:42 of 1st period - Roope Hintz wins face-off versus Nathan MacKinnon in Devils zone.
8:42 of 1st period - Roope Hintz is hit by Nikita Kucherov.
9:15 of 1st period - Jesper Bratt is hit by Brett Pesce and loses puck.
9:22 of 1st period - Snap shot by Alex Tuch.
9:22 of 1st period - Stopped by Stuart Skinner with a rebound.
9:24 of 1st period - Wrist shot by Noah Hanifin.
9:24 of 1st period - Stopped by Stuart Skinner with a rebound.
9:38 of 1st period - Logan Couture is hit by Tanner Jeannot and loses puck.
10:49 of 1st period - Wrist shot by Miles Wood.
10:49 of 1st period - Stopped by Stuart Skinner with a rebound.
11:11 of 1st period - Snap shot by Jesper Bratt.
11:11 of 1st period - Shot Misses the Net.
12:31 of 1st period - Snap shot by Roope Hintz.
12:31 of 1st period - Shot Misses the Net.
12:36 of 1st period - Icing by Alexandre Carrier.
12:37 of 1st period - Roope Hintz wins face-off versus Cole Sillinger in Blackhawks zone.
12:38 of 1st period - Wrist shot by Tyler Seguin.
12:38 of 1st period - Stopped by Jacob Markstrom without a rebound.
12:39 of 1st period - Ivan Barbashev wins face-off versus Roope Hintz in Blackhawks zone.
13:08 of 1st period - Slapshot by Victor Hedman.
13:08 of 1st period - Stopped by Jacob Markstrom without a rebound.
13:09 of 1st period - Jack Eichel wins face-off versus Logan Couture in Blackhawks zone.
13:17 of 1st period - Off-side.
13:18 of 1st period - Erik Haula wins face-off versus Nathan MacKinnon in neutral zone.
13:46 of 1st period - Icing by Alex Tuch.
13:47 of 1st period - Logan Couture wins face-off versus Jack Eichel in Blackhawks zone.
13:50 of 1st period - Snap shot by Teuvo Teravainen.
13:50 of 1st period - Shot Blocked by Alex Tuch.
13:52 of 1st period - Slapshot by Viktor Arvidsson.
13:52 of 1st period - Shot Misses the Net.
14:35 of 1st period - Wrist shot by Logan Couture.
14:35 of 1st period - Stopped by Jacob Markstrom without a rebound.
14:36 of 1st period - Jesper Bratt wins face-off versus Nathan MacKinnon in Blackhawks zone.
14:55 of 1st period - Nikita Kucherov is hit by Erik Haula and loses puck.
15:45 of 1st period - Erik Haula is hit by Alex Tuch and loses puck.
16:14 of 1st period - Slapshot by Tyler Seguin.
16:14 of 1st period - Deflect By Filip Chytil.
16:14 of 1st period - Shot Misses the Net.
16:14 of 1st period - Puck is out of play.
16:15 of 1st period - Gabriel Vilardi wins face-off versus Roope Hintz in Blackhawks zone.
16:15 of 1st period - Gabriel Vilardi is hit by Roope Hintz.
16:31 of 1st period - Wrist shot by Tyler Seguin.
16:31 of 1st period - Stopped by Jacob Markstrom with a rebound.
16:41 of 1st period - Erik Cernak is hit by Gustav Forsling and loses puck.
17:12 of 1st period - Slapshot by Teuvo Teravainen.
17:12 of 1st period - Stopped by Jacob Markstrom with a rebound.
17:14 of 1st period - Snap shot by Logan Couture.
17:14 of 1st period - Shot Misses the Net.
17:16 of 1st period - Snap shot by Logan Couture.
17:16 of 1st period - Shot Blocked by Alexandre Carrier.
17:18 of 1st period - Slapshot by Johnathan Kovacevic.
17:18 of 1st period - Stopped by Jacob Markstrom without a rebound.
17:19 of 1st period - Roope Hintz wins face-off versus Gabriel Vilardi in Blackhawks zone.
17:20 of 1st period - Snap shot by Tyler Seguin.
17:20 of 1st period - Shot Misses the Net.
17:24 of 1st period - Snap shot by Roope Hintz.
17:24 of 1st period - Stopped by Jacob Markstrom with a rebound.
17:26 of 1st period - Snap shot by Roope Hintz.
17:26 of 1st period - Shot Blocked by Carson Soucy.
17:28 of 1st period - Wrist shot by Roope Hintz.
17:28 of 1st period - Shot Misses the Net.
17:30 of 1st period - Wrist shot by Victor Hedman.
17:30 of 1st period - Shot Blocked by Carson Soucy.
17:51 of 1st period - Minor Penalty to Eetu Luostarinen for Hooking.
17:52 of 1st period - Nathan MacKinnon wins face-off versus Logan Couture in Devils zone.
17:53 of 1st period - Wrist shot by Nikita Kucherov.
17:53 of 1st period - Shot Blocked by Victor Hedman.
17:55 of 1st period - Snap shot by Brett Pesce.
17:55 of 1st period - Shot Blocked by Ryan Pulock.
17:57 of 1st period - Snap shot by Noah Hanifin.
17:57 of 1st period - Shot Blocked by Ryan Pulock.
17:59 of 1st period - Slapshot by Brett Pesce.
17:59 of 1st period - Shot Blocked by Ryan Pulock.
18:01 of 1st period - Wrist shot by Nathan MacKinnon.
18:01 of 1st period - Shot Misses the Net.
18:03 of 1st period - Slapshot by Noah Hanifin.
18:03 of 1st period - Stopped by Stuart Skinner with a rebound.
18:05 of 1st period - Slapshot by Nikita Kucherov.
18:05 of 1st period - Stopped by Stuart Skinner with a rebound.
18:07 of 1st period - Slapshot by Brett Pesce.
18:07 of 1st period - Shot Blocked by Erik Haula.
18:09 of 1st period - Slapshot by Noah Hanifin.
18:09 of 1st period - Stopped by Stuart Skinner with a rebound.
18:29 of 1st period - Snap shot by Alex Tuch.
18:29 of 1st period - Stopped by Stuart Skinner without a rebound.
18:30 of 1st period - Nathan MacKinnon wins face-off versus Roope Hintz in Devils zone.
18:35 of 1st period - Snap shot by Nikita Kucherov.
18:35 of 1st period - Shot Blocked by Gustav Forsling.
19:18 of 1st period - Valeri Nichushkin is hit by Victor Hedman and loses puck.
19:51 of 1st period - Penalty to Eetu Luostarinen is over, Eetu Luostarinen is back on ice.
Goals for this period are 0 for Blackhawks vs 1 for Devils.
Shots for this period are 12 for Blackhawks vs 12 for Devils.

2nd period


0:01 of 2nd period - Nathan MacKinnon wins face-off versus Logan Couture in neutral zone.
0:28 of 2nd period - Wrist shot by Nicolas Deslauriers.
0:28 of 2nd period - Shot Misses the Net.
0:34 of 2nd period - Snap shot by Viktor Arvidsson.
0:34 of 2nd period - Stopped by Jacob Markstrom with a rebound.
0:36 of 2nd period - Snap shot by Viktor Arvidsson.
0:36 of 2nd period - Deflect By Teuvo Teravainen.
0:36 of 2nd period - Shot Blocked by John Marino.
0:36 of 2nd period - Puck is out of play.
0:37 of 2nd period - Nathan MacKinnon wins face-off versus Erik Haula in Blackhawks zone.
0:46 of 2nd period - Wrist shot by Nikita Kucherov.
0:46 of 2nd period - Stopped by Stuart Skinner without a rebound.
0:47 of 2nd period - Nathan MacKinnon wins face-off versus Erik Haula in Devils zone.
0:48 of 2nd period - Slapshot by Nikita Kucherov.
0:48 of 2nd period - Stopped by Stuart Skinner with a rebound.
0:50 of 2nd period - Snap shot by Ivan Barbashev.
0:50 of 2nd period - Shot Hit the Post.
0:52 of 2nd period - Slapshot by Brett Pesce.
0:52 of 2nd period - Stopped by Stuart Skinner with a rebound.
0:54 of 2nd period - Slapshot by Brett Pesce.
0:54 of 2nd period - Deflect By Ivan Barbashev.
0:54 of 2nd period - Stopped by Stuart Skinner without a rebound.
0:55 of 2nd period - Nathan MacKinnon wins face-off versus Roope Hintz in Devils zone.
1:02 of 2nd period - Wrist shot by Nikita Kucherov.
1:02 of 2nd period - Shot Misses the Net.
1:07 of 2nd period - Off-side.
1:08 of 2nd period - Erik Haula wins face-off versus Nathan MacKinnon in neutral zone.
1:18 of 2nd period - Icing by Noah Hanifin.
1:19 of 2nd period - Roope Hintz wins face-off versus Ivan Barbashev in Blackhawks zone.
1:27 of 2nd period - Off-side.
1:28 of 2nd period - Roope Hintz wins face-off versus Jack Eichel in neutral zone.
1:56 of 2nd period - Snap shot by Nikita Kucherov.
1:56 of 2nd period - Stopped by Stuart Skinner with a rebound.
1:58 of 2nd period - Snap shot by Nathan MacKinnon.
1:58 of 2nd period - Stopped by Stuart Skinner without a rebound.
1:59 of 2nd period - Erik Haula wins face-off versus Nikita Kucherov in Devils zone.
2:06 of 2nd period - Wrist shot by Erik Haula.
2:06 of 2nd period - Shot Misses the Net.
2:32 of 2nd period - Snap shot by Alex Tuch.
2:32 of 2nd period - Stopped by Stuart Skinner with a rebound.
2:34 of 2nd period - Wrist shot by Jack Eichel.
2:34 of 2nd period - Stopped by Stuart Skinner without a rebound.
2:35 of 2nd period - Roope Hintz wins face-off versus Jack Eichel in Devils zone.
2:48 of 2nd period - Slapshot by Alex Tuch.
2:48 of 2nd period - Stopped by Stuart Skinner without a rebound.
2:49 of 2nd period - Nathan MacKinnon wins face-off versus Logan Couture in Devils zone.
2:56 of 2nd period - Slapshot by Henri Jokiharju.
2:56 of 2nd period - Shot Misses the Net.
3:00 of 2nd period - Wrist shot by Viktor Arvidsson.
3:00 of 2nd period - Shot Misses the Net.
3:18 of 2nd period - Wrist shot by Roope Hintz.
3:18 of 2nd period - Stopped by Jacob Markstrom without a rebound.
3:19 of 2nd period - Jack Eichel wins face-off versus Roope Hintz in Blackhawks zone.
3:24 of 2nd period - Snap shot by Tyler Seguin.
3:24 of 2nd period - Stopped by Jacob Markstrom without a rebound.
3:25 of 2nd period - Erik Haula wins face-off versus Jack Eichel in Blackhawks zone.
3:26 of 2nd period - Snap shot by Jesper Bratt.
3:26 of 2nd period - Shot Misses the Net.
3:56 of 2nd period - Slapshot by Nikita Kucherov.
3:56 of 2nd period - Shot Misses the Net.
4:02 of 2nd period - Wrist shot by Viktor Arvidsson.
4:02 of 2nd period - Stopped by Jacob Markstrom without a rebound.
4:03 of 2nd period - Roope Hintz wins face-off versus Jack Eichel in Blackhawks zone.
4:06 of 2nd period - Wrist shot by Tyler Seguin.
4:06 of 2nd period - Deflect By Filip Chytil.
4:06 of 2nd period - Shot Blocked by Noah Hanifin.
4:06 of 2nd period - Puck is out of play.
4:07 of 2nd period - Roope Hintz wins face-off versus Jack Eichel in Blackhawks zone.
4:12 of 2nd period - Snap shot by Tyler Seguin.
4:12 of 2nd period - Shot Blocked by Brett Pesce.
4:14 of 2nd period - Wrist shot by Victor Hedman.
4:14 of 2nd period - Stopped by Jacob Markstrom with a rebound.
5:24 of 2nd period - Snap shot by Nathan MacKinnon.
5:24 of 2nd period - Shot Misses the Net.
5:26 of 2nd period - Wrist shot by Nikita Kucherov.
5:26 of 2nd period - Stopped by Stuart Skinner with a rebound.
5:28 of 2nd period - Snap shot by Nathan MacKinnon.
5:28 of 2nd period - Shot Blocked by Henri Jokiharju.
5:30 of 2nd period - Slapshot by Brett Pesce.
5:30 of 2nd period - Deflect By Nikita Kucherov.
5:30 of 2nd period - Stopped by Stuart Skinner with a rebound.
5:42 of 2nd period - Snap shot by Jesper Bratt.
5:42 of 2nd period - Deflect By Tanner Jeannot.
5:42 of 2nd period - Stopped by Jacob Markstrom without a rebound.
5:43 of 2nd period - Erik Haula wins face-off versus Nicolas Deslauriers in Blackhawks zone.
5:56 of 2nd period - Snap shot by Jesper Bratt.
5:56 of 2nd period - Shot Blocked by Alexandre Carrier.
6:04 of 2nd period - Snap shot by Gabriel Vilardi.
6:04 of 2nd period - Stopped by Stuart Skinner without a rebound.
6:05 of 2nd period - Morgan Frost wins face-off versus Nathan MacKinnon in Devils zone.
6:12 of 2nd period - Slapshot by Morgan Frost.
6:12 of 2nd period - Stopped by Jacob Markstrom with a rebound.
6:32 of 2nd period - John Marino is hit by Gustav Forsling and loses puck.
7:02 of 2nd period - Snap shot by Jesper Bratt.
7:02 of 2nd period - Shot Blocked by John Marino.
7:04 of 2nd period - Slapshot by Johnathan Kovacevic.
7:04 of 2nd period - Stopped by Jacob Markstrom without a rebound.
7:05 of 2nd period - Logan Couture wins face-off versus Nathan MacKinnon in Blackhawks zone.
7:06 of 2nd period - Snap shot by Teuvo Teravainen.
7:06 of 2nd period - Stopped by Jacob Markstrom without a rebound.
7:07 of 2nd period - Logan Couture wins face-off versus Nathan MacKinnon in Blackhawks zone.
7:10 of 2nd period - Slapshot by Teuvo Teravainen.
7:10 of 2nd period - Stopped by Jacob Markstrom with a rebound.
8:53 of 2nd period - Snap shot by Miles Wood.
8:53 of 2nd period - Shot Blocked by Henri Jokiharju.
10:19 of 2nd period - Slapshot by Erik Cernak.
10:19 of 2nd period - Shot Blocked by Torey Krug.
10:21 of 2nd period - Snap shot by Tanner Jeannot.
10:21 of 2nd period - Shot Blocked by Torey Krug.
10:23 of 2nd period - Slapshot by John Marino.
10:23 of 2nd period - Shot Blocked by Tyler Seguin.
10:25 of 2nd period - Wrist shot by Gabriel Vilardi.
10:25 of 2nd period - Goal by Gabriel Vilardi - Blackhawks : 1 - Devils : 1.
10:26 of 2nd period - Nikita Kucherov wins face-off versus Erik Haula in neutral zone.
10:53 of 2nd period - Teuvo Teravainen is hit by John Marino and loses puck.
11:07 of 2nd period - Carson Soucy is hit by Logan Couture and loses puck.
11:58 of 2nd period - Snap shot by Alex Tuch.
11:58 of 2nd period - Stopped by Stuart Skinner with a rebound.
12:56 of 2nd period - Gustav Forsling is hit by Carson Soucy and loses puck.
14:08 of 2nd period - Snap shot by Logan Couture.
14:08 of 2nd period - Shot Blocked by Alexandre Carrier.
14:22 of 2nd period - Snap shot by Jack Eichel.
14:22 of 2nd period - Stopped by Stuart Skinner with a rebound.
14:24 of 2nd period - Wrist shot by Alexandre Carrier.
14:24 of 2nd period - Shot Misses the Net.
14:26 of 2nd period - Wrist shot by Valeri Nichushkin.
14:26 of 2nd period - Shot Misses the Net.
14:28 of 2nd period - Wrist shot by Jack Eichel.
14:28 of 2nd period - Stopped by Stuart Skinner without a rebound.
14:29 of 2nd period - Roope Hintz wins face-off versus Nathan MacKinnon in Devils zone.
14:34 of 2nd period - Slapshot by Roope Hintz.
14:34 of 2nd period - Stopped by Jacob Markstrom with a rebound.
14:56 of 2nd period - Torey Krug is hit by Klim Kostin and loses puck.
15:05 of 2nd period - Wrist shot by Klim Kostin.
15:05 of 2nd period - Deflect By Miles Wood.
15:05 of 2nd period - Shot Misses the Net.
15:05 of 2nd period - Puck is out of play.
15:06 of 2nd period - Erik Haula wins face-off versus Nathan MacKinnon in Devils zone.
15:50 of 2nd period - Slapshot by John Marino.
15:50 of 2nd period - Deflect By Cole Sillinger.
15:50 of 2nd period - Stopped by Stuart Skinner without a rebound.
15:51 of 2nd period - Erik Haula wins face-off versus Cole Sillinger in Devils zone.
17:12 of 2nd period - Ivan Barbashev is hit by Roope Hintz and loses puck.
17:23 of 2nd period - John Marino is hit by Morgan Frost and loses puck.
17:46 of 2nd period - Snap shot by Gabriel Vilardi.
17:46 of 2nd period - Stopped by Stuart Skinner without a rebound.
17:47 of 2nd period - Roope Hintz wins face-off versus Cole Sillinger in Devils zone.
18:46 of 2nd period - Isac Lundestrom is hit by Carson Soucy and loses puck.
19:23 of 2nd period - Icing by Morgan Frost.
19:24 of 2nd period - Gabriel Vilardi wins face-off versus Morgan Frost in Devils zone.
19:35 of 2nd period - Wrist shot by Gabriel Vilardi.
19:35 of 2nd period - Stopped by Stuart Skinner with a rebound.
19:37 of 2nd period - Slapshot by Noah Hanifin.
19:37 of 2nd period - Shot Misses the Net.
19:39 of 2nd period - Snap shot by Nicolas Deslauriers.
19:39 of 2nd period - Shot Blocked by Henri Jokiharju.
Goals for this period are 1 for Blackhawks vs 0 for Devils.
Shots for this period are 19 for Blackhawks vs 11 for Devils.

3rd period


0:01 of 3rd period - Morgan Frost wins face-off versus Nathan MacKinnon in neutral zone.
0:55 of 3rd period - Snap shot by Tanner Jeannot.
0:55 of 3rd period - Deflect By Nicolas Deslauriers.
0:55 of 3rd period - Shot Hit the Post.
0:55 of 3rd period - Puck is out of play.
0:56 of 3rd period - Morgan Frost wins face-off versus Nathan MacKinnon in Devils zone.
1:05 of 3rd period - Slapshot by Morgan Frost.
1:05 of 3rd period - Goal by Morgan Frost - Blackhawks : 1 - Devils : 2.
1:06 of 3rd period - Nathan MacKinnon wins face-off versus Erik Haula in neutral zone.
1:34 of 3rd period - Off-side.
1:35 of 3rd period - Morgan Frost wins face-off versus Jack Eichel in neutral zone.
2:02 of 3rd period - Morgan Frost is hit by Nathan MacKinnon and loses puck.
2:27 of 3rd period - Off-side.
2:28 of 3rd period - Roope Hintz wins face-off versus Klim Kostin in neutral zone.
2:42 of 3rd period - Snap shot by Miles Wood.
2:42 of 3rd period - Stopped by Stuart Skinner with a rebound.
2:44 of 3rd period - Slapshot by John Marino.
2:44 of 3rd period - Stopped by Stuart Skinner with a rebound.
2:53 of 3rd period - Off-side.
2:54 of 3rd period - Erik Haula wins face-off versus Jack Eichel in neutral zone.
3:34 of 3rd period - Wrist shot by Nathan MacKinnon.
3:34 of 3rd period - Stopped by Stuart Skinner without a rebound.
3:35 of 3rd period - Logan Couture wins face-off versus Gabriel Vilardi in Devils zone.
3:49 of 3rd period - Wrist shot by Logan Couture.
3:49 of 3rd period - Stopped by Jacob Markstrom without a rebound.
3:50 of 3rd period - Nathan MacKinnon wins face-off versus Erik Haula in Blackhawks zone.
3:50 of 3rd period - Nathan MacKinnon is hit by Victor Hedman.
4:18 of 3rd period - Slapshot by Viktor Arvidsson.
4:18 of 3rd period - Stopped by Jacob Markstrom without a rebound.
4:19 of 3rd period - Logan Couture wins face-off versus Valeri Nichushkin in Blackhawks zone.
6:27 of 3rd period - Slapshot by Jack Eichel.
6:27 of 3rd period - Shot Blocked by Viktor Arvidsson.
6:29 of 3rd period - Slapshot by Brett Pesce.
6:29 of 3rd period - Deflect By Valeri Nichushkin.
6:29 of 3rd period - Shot Blocked by Torey Krug.
6:29 of 3rd period - Puck is out of play.
6:30 of 3rd period - Nathan MacKinnon wins face-off versus Roope Hintz in Devils zone.
6:39 of 3rd period - Snap shot by Roope Hintz.
6:39 of 3rd period - Shot Blocked by Nikita Kucherov.
6:41 of 3rd period - Wrist shot by Tyler Seguin.
6:41 of 3rd period - Stopped by Jacob Markstrom without a rebound.
6:42 of 3rd period - Nathan MacKinnon wins face-off versus Erik Haula in Blackhawks zone.
6:51 of 3rd period - Wrist shot by Jesper Bratt.
6:51 of 3rd period - Stopped by Jacob Markstrom with a rebound.
7:09 of 3rd period - Ryan Pulock is hit by Nicolas Deslauriers and loses puck.
7:39 of 3rd period - Off-side.
7:40 of 3rd period - Cole Sillinger wins face-off versus Erik Haula in neutral zone.
7:43 of 3rd period - Wrist shot by Klim Kostin.
7:43 of 3rd period - Stopped by Stuart Skinner with a rebound.
7:45 of 3rd period - Slapshot by Miles Wood.
7:45 of 3rd period - Stopped by Stuart Skinner with a rebound.
7:47 of 3rd period - Slapshot by John Marino.
7:47 of 3rd period - Shot Blocked by Gustav Forsling.
7:49 of 3rd period - Snap shot by Klim Kostin.
7:49 of 3rd period - Shot Blocked by Jesper Bratt.
7:51 of 3rd period - Snap shot by John Marino.
7:51 of 3rd period - Shot Misses the Net.
7:53 of 3rd period - Slapshot by Cole Sillinger.
7:53 of 3rd period - Stopped by Stuart Skinner without a rebound.
7:54 of 3rd period - Roope Hintz wins face-off versus Nathan MacKinnon in Devils zone.
8:21 of 3rd period - John Marino is hit by Erik Haula.
9:29 of 3rd period - Gustav Forsling is hit by Cole Sillinger and loses puck.
10:08 of 3rd period - Alex Tuch is hit by Eetu Luostarinen and loses puck.
10:25 of 3rd period - Slapshot by Nathan MacKinnon.
10:25 of 3rd period - Shot Misses the Net.
10:50 of 3rd period - Alexandre Carrier is hit by Ryan Pulock and loses puck.
10:54 of 3rd period - Icing by Alexandre Carrier.
10:55 of 3rd period - Erik Haula wins face-off versus Gabriel Vilardi in Blackhawks zone.
11:18 of 3rd period - Snap shot by Gabriel Vilardi.
11:18 of 3rd period - Stopped by Stuart Skinner without a rebound.
11:19 of 3rd period - Roope Hintz wins face-off versus Nathan MacKinnon in Devils zone.
12:32 of 3rd period - Slapshot by Victor Hedman.
12:32 of 3rd period - Shot Blocked by Brett Pesce.
12:43 of 3rd period - Icing by Miles Wood.
12:44 of 3rd period - Cole Sillinger wins face-off versus Roope Hintz in Blackhawks zone.
13:23 of 3rd period - Wrist shot by Tyler Seguin.
13:23 of 3rd period - Shot Misses the Net.
13:54 of 3rd period - Henri Jokiharju is hit by Erik Cernak and loses puck.
14:23 of 3rd period - John Marino is hit by Isac Lundestrom and loses puck.
14:44 of 3rd period - Ivan Barbashev is hit by Teuvo Teravainen and loses puck.
14:55 of 3rd period - Henri Jokiharju is hit by Nathan MacKinnon and loses puck.
15:24 of 3rd period - Slapshot by Morgan Frost.
15:24 of 3rd period - Deflect By Isac Lundestrom.
15:24 of 3rd period - Shot Misses the Net.
15:24 of 3rd period - Puck is out of play.
15:25 of 3rd period - Erik Haula wins face-off versus Gabriel Vilardi in Blackhawks zone.
15:26 of 3rd period - Wrist shot by Eetu Luostarinen.
15:26 of 3rd period - Shot Misses the Net.
15:52 of 3rd period - Alex Tuch is hit by Roope Hintz and loses puck.
15:59 of 3rd period - Snap shot by Noah Hanifin.
15:59 of 3rd period - Stopped by Stuart Skinner without a rebound.
16:00 of 3rd period - Jack Eichel wins face-off versus Roope Hintz in Devils zone.
16:03 of 3rd period - Slapshot by Alex Tuch.
16:03 of 3rd period - Stopped by Stuart Skinner with a rebound.
16:05 of 3rd period - Snap shot by Alexandre Carrier.
16:05 of 3rd period - Stopped by Stuart Skinner without a rebound.
16:06 of 3rd period - Jack Eichel wins face-off versus Roope Hintz in Devils zone.
17:06 of 3rd period - Off-side.
17:07 of 3rd period - Logan Couture wins face-off versus Cole Sillinger in neutral zone.
17:46 of 3rd period - Snap shot by Tanner Jeannot.
17:46 of 3rd period - Stopped by Stuart Skinner with a rebound.
18:07 of 3rd period - Snap shot by Tyler Seguin.
18:07 of 3rd period - Shot Misses the Net.
18:09 of 3rd period - Slapshot by Gustav Forsling.
18:09 of 3rd period - Stopped by Jacob Markstrom with a rebound.
18:50 of 3rd period - Snap shot by Noah Hanifin.
18:50 of 3rd period - Stopped by Stuart Skinner without a rebound.
18:51 of 3rd period - Mike Babcock call a timeout for Blackhawks.
18:51 of 3rd period - Nathan MacKinnon wins face-off versus Eetu Luostarinen in Devils zone.
19:00 of 3rd period - Blackhawks, Jacob Markstrom is pulled from the net.
19:06 of 3rd period - Wrist shot by Nikita Kucherov.
19:06 of 3rd period - Stopped by Stuart Skinner with a rebound.
19:20 of 3rd period - Slapshot by Erik Haula.
19:20 of 3rd period - Goal by Erik Haula - Blackhawks : 1 - Devils : 3.
19:20 of 3rd period - Jacob Markstrom from Blackhawks was sent back in the game.
19:21 of 3rd period - Tanner Jeannot wins face-off versus Erik Haula in neutral zone.
19:23 of 3rd period - Off-side.
19:24 of 3rd period - Erik Haula wins face-off versus Gabriel Vilardi in neutral zone.
19:53 of 3rd period - Slapshot by Victor Hedman.
19:53 of 3rd period - Stopped by Jacob Markstrom with a rebound.
19:55 of 3rd period - Slapshot by Morgan Frost.
19:55 of 3rd period - Deflect By Teuvo Teravainen.
19:55 of 3rd period - Shot Misses the Net.
19:55 of 3rd period - Puck is out of play.
19:56 of 3rd period - Jack Eichel wins face-off versus Morgan Frost in Blackhawks zone.
Goals for this period are 0 for Blackhawks vs 2 for Devils.
Shots for this period are 13 for Blackhawks vs 8 for Devils.